 Dungeon Crawl Stone Soup version 0.21-a0-519-gb765982 (webtiles) character file.

198 EazyBreezy the Skirmisher (level 5, -3/63 HPs)
             Began as a Demonspawn Abyssal Knight on Dec 4, 2017.
             Was a Believer of Lugonu.
             Succumbed to Duvessa's poison
             ... on level 4 of the Dungeon.
             The game lasted 00:08:44 (3587 turns).

EazyBreezy the Skirmisher (DsAK)                    Turns: 3587, Time: 00:08:44

Health: -3/63      AC:  6    Str: 18    XL:     5   Next: 47%
Magic:  7/7        EV: 12    Int: 13    God:    Lugonu [**....]
Gold:   165        SH:  0    Dex: 13    Spells: 4/4 levels left

rFire    . . .     SeeInvis .   a - +3 mace
rCold    + . .     Gourm    .   (no shield)
rNeg     . . .     Faith    .   b - +2 leather armour
rPois    .         Spirit   .   (no helmet)
rElec    .         Reflect  .   t - +0 cloak
rCorr    .         Harm     .   (no gloves)
MR       .....                  (no boots)
Stlth    ..........             (no amulet)
HPRegen  0.20/turn              i - ring of protection from cold
MPRegen  0.10/turn              (no ring)

@: berserking (expiring), lethally poisoned (-3 -> -78), glowing, very quick
A: demonic guardian 1
a: Depart the Abyss, Bend Space, Renounce Religion


You were on level 4 of the Dungeon.
You worshipped Lugonu.
Lugonu was pleased with you.
You were not hungry.

You visited 1 branch of the dungeon, and saw 4 of its levels.
You visited the Abyss 1 time.

You collected 165 gold pieces.

Inventory:

Hand Weapons
 a - a +3 mace (weapon)
Armour
 b - a +2 leather armour (worn)
 t - a +0 cloak (worn)
Jewellery
 i - a ring of protection from cold (left hand)
Wands
 l - a wand of acid (5)
Scrolls
 d - a scroll of identify
 e - 2 scrolls of teleportation
Potions
 c - a potion of ambrosia
 f - a potion of heal wounds
 g - a potion of cancellation
 k - a potion of lignification
Books
 h - a book of Conjurations

   Spells                             Type                      Level
   a - Magic Dart                     Conjuration                  1
   b - Searing Ray                    Conjuration                  2
   c - Dazzling Spray                 Conjuration/Hexes            3
   d - Fulminant Prism                Conjuration/Hexes            4
   e - Force Lance                    Conjuration/Translocation    4
   f - Iskenderun's Mystic Blast      Conjuration                  4
Comestibles
 n - a bread ration


   Skills:
 * Level 3.7 Fighting
 * Level 3.4 Maces & Flails
 * Level 2.3 Armour
 * Level 1.8 Dodging
 * Level 1.6 Stealth
 * Level 3.2 Invocations


You had 4 spell levels left.
You didn't know any spells.

Dungeon Overview and Level Annotations

Branches:
Dungeon (4/15)             Temple (0/1) D:4

Altars:
Makhleb
The Shining One

Annotations:
D:4 Dowan, Duvessa, Natasha


Innate Abilities, Weirdness & Mutations

A weak demonic guardian rushes to your aid.


Message History

* * * LOW HITPOINT WARNING * * *
You are more poisoned.
You thump Duvessa!
Duvessa is almost dead.
* * * LOW HITPOINT WARNING * * *
You feel very sick.
Your ufetubus hits Duvessa but does no damage.
Your ufetubus closely misses Duvessa.
Duvessa says, "When magic and the sword combine, nothing stands against them."
Duvessa hits you with a rapier of venom!
* * * LOW HITPOINT WARNING * * *
You are more poisoned.
Dowan hits you with a dagger of pain.
* * * LOW HITPOINT WARNING * * *
You writhe in agony.
* * * LOW HITPOINT WARNING * * *
You are too berserk!
You are too berserk!
Natasha, Servant of Life and Death comes into view.
You die...

#...e.e.# .
#e#####.# #.
#.# #.# #.#
#e# #.#
##..###### #.#
#e#
h........###.#
...
≈≈≈......e...#
.e(
≈≈≈≈≈....e####
...
≈≈≈≈≈≈≈@.5#
≈≈≈≈≈≈≈≈..#
..≈≈≈≈≈≈.##
>.≈≈≈≈≈≈.#
..≈≈≈≈≈≈.#
≈≈≈≈≈≈≈..#
≈≈≈≈≈....#
≈≈≈......#


You could see Duvessa, Dowan, Natasha (sleeping) and a friendly ufetubus.

Vanquished Creatures
  Crazy Yiuf (D:3)
  2 gnolls (D:3)
  5 adders
  4 worms
  A dart slug (D:1)
  4 leopard geckos
  2 orcs
  A ball python (D:1)
  4 giant cockroaches
  9 goblins
  8 hobgoblins
  2 jackals (D:3)
  5 kobolds
  A quokka (D:3)
  5 bats
  4 frilled lizards (D:2)
  10 rats
68 creatures vanquished.

Vanquished Creatures (collateral kills)
  A hound (D:2)
  2 gnolls (D:3)
  A bat (D:2)
  A goblin (D:2)
  A jackal (D:3)
6 creatures vanquished.

Grand Total: 74 creatures vanquished

Notes
Turn   | Place    | Note
-------+----------+-------------------------------------------
     0 | Abyss:1  | EazyBreezy the Demonspawn Abyssal Knight began the quest for the Orb.
     0 | Abyss:1  | Reached XP level 1. HP: 18/18 MP: 2/2
    60 | D:1      | Escaped the Abyss
   166 | D:1      | Reached skill level 1 in Dodging
   438 | D:1      | Gained mutation: A weak demonic guardian rushes to your aid. [demonic ancestry]
   438 | D:1      | Reached XP level 2. HP: 18/24 MP: 3/3
   446 | D:1      | Reached * piety under Lugonu
  1384 | D:2      | Reached XP level 3. HP: 27/29 MP: 4/4
  1407 | D:2      | Reached skill level 1 in Stealth
  1458 | D:2      | Found a burning altar of Makhleb.
  1669 | D:1      | Reached XP level 4. HP: 28/35 MP: 6/6
  2282 | D:2      | Reached ** piety under Lugonu
  2439 | D:3      | Reached XP level 5. HP: 13/41 MP: 7/7
  2762 | D:3      | Found a runed door.
  3124 | D:3      | Found a glowing golden altar of the Shining One.
  3414 | D:3      | Noticed Crazy Yiuf
  3419 | D:3      | Killed Crazy Yiuf
  3555 | D:4      | Noticed Duvessa
  3557 | D:4      | Noticed Dowan
  3586 | D:4      | HP: 2/63 [Dowan/dagger of pain (2)]
  3587 | D:4      | Found a staircase to the Ecumenical Temple.
  3587 | D:4      | Noticed Natasha
  3587 | D:4      | Succumbed to Duvessa's poison

Vault maps used:
D:1:      dpeg_arrival_rooms_with_view, minmay_misc_feat_more_columns
D:2:      makhleb_heckhound_becter
D:3:      nicolae_tso_carved_into_rock, first_bread, hex_intersection,
          kennysheep_decorative_pillar, st_stairs_4, uniq_crazy_yiuf_cottage
D:4:      marbit_many_paths, temple_pool_b, uniq_duvessa, uniq_natasha,
          uniq_eustachio

Skill      XL: |  1  2  3  4 |
---------------+-------------+-----
Dodging        | 1 |  1.8
Maces & Flails | 2 3 |  3.4
Armour         | 2 |  2.3
Stealth        | 1 |  1.6
Invocations    | 3 |  3.2
Fighting       | |  3.7

Action                   |  1- 3 |  4- 6 || total
-------------------------+-------+-------++-------
Melee: Mace              |   105 |   110 ||   215
Invok: Depart the Abyss  |     1 |       ||     1
  Use: Potion            |     1 |     1 ||     2
       Scroll            |       |    15 ||    15
 Stab: Distracted        |       |     1 ||     1
       Sleeping          |       |     1 ||     1
  Eat: Bread ration      |     1 |       ||     1
       Meat ration       |       |     1 ||     1
Armor: Leather armour    |    31 |    39 ||    70
Dodge: Dodged            |    95 |    85 ||   180

Table legend:
 A = Spawn XP
 B = Non-spawn XP
 C = Spawn XP percentage of total XP
 D = Spawn monster count
 E = Non-spawn monster count
 F = Spawn count percentage of total count
 G = Total turns spent on level
                    A         B        C        D         E        F      G
               +---------+---------+-------+---------+---------+-------+---------
         Total |       0 |     283 |   0.0 |       0 |      74 |   0.0 |  3587
               +---------+---------+-------+---------+---------+-------+---------
           D:1 |       0 |      67 |   0.0 |       0 |      25 |   0.0 |  1668
           D:2 |       0 |      74 |   0.0 |       0 |      20 |   0.0 |   632
           D:3 |       0 |     139 |   0.0 |       0 |      28 |   0.0 |  1135
           D:4 |       0 |       3 |   0.0 |       0 |       1 |   0.0 |    92
               +---------+---------+-------+---------+---------+-------+---------
